 Dungeon Crawl Stone Soup version 0.32-a0-871-ge202e49faa (webtiles) character file.

Game seed: 12039843653316549749

825 Autsider the Ruffian (level 7, 0/68 HPs)
             Began as a Troll Fighter on Mar 29, 2024.
             Was a Follower of Wu Jian.
             Succumbed to a killer bee's poison
             ... on level 5 of the Dungeon.
             The game lasted 00:08:37 (2680 turns).

Autsider the Ruffian (Troll Fighter)                Turns: 2680, Time: 00:08:37

Health: 0/68       AC:  6    Str: 25    XL:     7   Next: 64%
Magic:  6/6        EV:  8    Int:  4    God:    Wu Jian [*.....]
Gold:   258        SH:  8    Dex: 11    Spells: 6/6 levels left

rFire   + .          .
                       - Unarmed
rCold   . . .        b - +0 kite shield
rNeg    . . .        a - +0 robe
rPois   .            t - +2 hat
rElec   .            (no cloak)
rCorr   .            (gloves unavailable)
SInv    .            (boots unavailable)
Will    +....        (no amulet) Stlth
                     g - ring of protection from fire
HPRegen 1.11/turn    v - ring of willpower
MPRegen 0.10/turn

%: no passive effects
@: lethally poisoned (0 -> -2), silenced
A: large, unfitting armour, claws 3, regeneration 1, shaggy fur 1, tough skin 1
a: Renounce Religion


You were on level 5 of the Dungeon.
You worshipped Wu Jian.
Wu Jian was aware of your devotion.
You visited 2 branches of the dungeon, and saw 6 of its levels.

You collected 258 gold pieces.

Inventory:

Armour
 a - a +0 robe (worn)
 b - a +0 kite shield (worn)
 r - an orb of wrath
 t - a +2 hat (worn)
Jewellery
 g - a ring of protection from fire (left claw)
 j - a ring of positive energy
 v - a ring of willpower (right claw)
Wands
 l - a wand of polymorph (8)
Scrolls
 d - a scroll of acquirement
 f - a scroll of fog
 n - 2 scrolls of amnesia {unknown}
 p - 2 scrolls of identify
Potions
 c - a potion of might
 e - 4 potions of mutation
 h - a potion of magic {unknown}
 i - a potion of curing
 o - a potion of heal wounds {unknown}
 q - a potion of ambrosia {unknown}
 s - a potion of berserk rage {unknown}
 u - a potion of enlightenment {unknown}


   Skills:
 + Level 3.9 Fighting
 + Level 4.0 Dodging
 + Level 4.4 Shields
 * Level 5.7 Unarmed Combat


You had 6 spell levels left.
You didn't know any spells.
Your spell library contained the following spells:

 Spells                   Type           Power      Damage    Failure   Level
 Sandblast                Erth           0%         2d4       75%         1
 Lesser Beckoning         Tloc           0%         N/A       87%         2
 Mercury Vapours          Alch/Air       0%         N/A       87%         2
 Mephitic Cloud           Conj/Alch/Air  0%         N/A       98%         3
 Stone Arrow              Conj/Erth      0%         3d7       98%         3
 Teleport Other           Tloc           0%         N/A       98%         3
 Brom's Barrelling Bould  Conj/Erth      0%         2d3       100%        4
 Maxwell's Portable Pile  Tloc           0%         2d(5-10)  100%        4
 Freezing Cloud           Conj/Ice/Air   0%         6-21      100%        5


Dungeon Overview and Level Annotations

Branches:
Dungeon (5/15)             Temple (1/1) D:4

Altars:
Ashenzari
Cheibriados
Dithmenos
Elyvilon
Fedhas
Gozag
Hepliaklqana
Kikubaaqudgha
Makhleb
Nemelex Xobeh
Okawaru
Qazlal
Ru
Sif Muna
Trog
Vehumet
Wu Jian
Xom
Yredelemnul
Zin
The Shining One


Innate Abilities, Weirdness & Mutations

You are too large for most types of armour.
You have claws for hands.
Your natural rate of healing is unusually fast.
You are covered in fur. (AC +1)
You have tough skin. (AC +1)


Message History

* * * LOW HITPOINT WARNING * * *
Magic scrolls do not work when you're silenced!
You closely miss the killer bee.
You feel sick. The killer bee stings you.
* * * LOW HITPOINT WARNING * * *
The killer bee closely misses you.
It was a potion of curing.
You feel better. The killer bee stings you.
* * * LOW HITPOINT WARNING * * *
You are poisoned.
The killer bee poisons you!
The killer bee stings you but does no damage.
You completely miss the killer bee.
You feel sick. You block the killer bee's attack.
The killer bee completely misses you.
You scratch the killer bee.
The killer bee is lightly wounded.
You feel sick. The killer bee stings you!
* * * LOW HITPOINT WARNING * * *
The killer bee barely misses you.
You miss the killer bee.
The killer bee is lightly wounded.
You feel sick. The killer bee stings you.
* * * LOW HITPOINT WARNING * * *
You are more poisoned.
The killer bee poisons you! The killer bee barely misses you.
You miss the killer bee.
The killer bee is lightly wounded.
You feel very sick. You block the killer bee's attack.
The killer bee stings you but does no damage.
Aiming: Polymorph
Press: ? - help, Shift-Dir - straight line, f - killer bee
Aim: a killer bee (grey smoke, silenced, lightly wounded, will become a steam dragon, a bat, or a swamp drake, chance to affect: 57%)
The killer bee resists with significant effort.
You feel sick. The killer bee stings you!
* * * LOW HITPOINT WARNING * * *
You block the killer bee's attack.
Aiming: Polymorph
Press: ? - help, Shift-Dir - straight line, f/p - killer bee
Aim: a killer bee (grey smoke, silenced, lightly wounded, will become a steam dragon, a bat, or a swamp drake, chance to affect: 57%)
The killer bee resists with significant effort.
You die...

#.# ##. #.#
....o######.#
..⌠oyy.)..#.##
....y####.#..##
##. #ooS§.#
##yyy.# ##y###
##@# ###..##
###.§§§§##
###....##§.##
###...........##
#..............#
##...........#
#............#
##...........##


You could see 4 killer bees.

Vanquished Creatures
  Sigmund (D:2)
  A phantom (D:4)
  A scorpion (D:4)
  2 killer bees (D:5)
  A hound (D:5)
  2 orc priests
  A bombardier beetle (D:5)
  2 orc wizards (D:4)
  Natasha (thrice) (D:2)
  An iguana (D:4)
  Robin (D:2)
  6 adders
  A dart slug (D:3)
  A ribbon worm (D:4)
  18 orcs
  8 ball pythons
  8 endoplasms
  A giant cockroach (D:3)
  20 goblins
  6 hobgoblins
  3 jackals (D:2)
  3 quokkas
  3 bats (D:1)
  3 frilled lizards
  5 kobolds
  2 rats
104 creatures vanquished.

Notes
Turn   | Place    | Note
-------+----------+-------------------------------------------
     0 | D:1      | Autsider the Troll Fighter began the quest for the Orb.
     0 | D:1      | Reached XP level 1. HP: 22/22 MP: 0/0
     3 | D:1      | Noticed an electric eel
     4 | D:1      | Noticed an electric eel
   139 | D:1      | Reached XP level 2. HP: 29/29 MP: 1/1
   277 | D:1      | Found a faded altar of an unknown god.
   815 | D:2      | Reached XP level 3. HP: 34/36 MP: 2/2
   834 | D:2      | Reached skill level 3 in Unarmed Combat
   836 | D:2      | Reached XP level 4. HP: 39/44 MP: 3/3
   850 | D:2      | Noticed Sigmund
   869 | D:2      | Killed Sigmund
   870 | D:2      | Reached skill level 4 in Unarmed Combat
   870 | D:2      | Reached XP level 5. HP: 53/53 MP: 4/4
  1089 | D:2      | Noticed Robin
  1131 | D:2      | Killed Robin
  1139 | D:2      | Noticed Natasha
  1145 | D:2      | Killed Natasha
  1146 | D:2      | Reached XP level 6. HP: 61/61 MP: 5/5
  1154 | D:2      | Noticed Natasha
  1163 | D:2      | Killed Natasha
  1170 | D:2      | Noticed Natasha
  1201 | D:2      | Killed Natasha
  1878 | D:4      | Found a staircase to the Ecumenical Temple.
  1888 | Temple   | Entered the Ecumenical Temple
  1939 | Temple   | Became a worshipper of the Wu Jian Council
  2034 | D:4      | Found a sacrificial altar of Ru.
  2119 | D:4      | Reached skill level 5 in Unarmed Combat
  2145 | D:4      | Reached XP level 7. HP: 46/67 MP: 6/6
  2593 | D:5      | Entered Level 5 of the Dungeon
  2604 | D:4      | Reached * piety under Wu Jian
  2669 | D:5      | Identified 2 scrolls of acquirement
  2669 | D:5      | Acquired 937 gold pieces
  2679 | D:5      | HP: 1/68 [killer bee (7)]
  2680 | D:5      | Succumbed to a killer bee's poison

Illustrated notes

Levels and vault maps discovered:
D:1:      arrival_aquarium_b, layout_loops_ring,
          dreamdust_ecumenical_altar_sealed_demon
D:2:      layout_rooms, uniq_robin, uniq_sigmund, uniq_natasha
D:3:      layout_basic
D:4:      layout_loops_ring, mainiacjoe_overflow_tiny_flanked,
          minmay_temple_entry_waves, minmay_close_crescents
D:5:      layout_cave_pods, mainiacjoe_overflow_small_starburst,
          grunt_decor_junction, minmay_gold_behind_fungi, grunt_ministairs_15,
          nicolae_wooded_promenade, minmay_between
Temple:   nicolae_temple_slightly_damp_pantheon

Skill      XL: |  1  2  3  4  5  6  7 |
---------------+----------------------+-----
Shields        | 3 4 |  4.4
Unarmed Combat | 3 4 5 |  5.7
Fighting       | 3 |  3.9
Dodging        | 3 4 |  4.0

Action                     |  1- 3 |  4- 6 |  7- 9 || total
---------------------------+-------+-------+-------++-------
  Melee: Unarmed           |    85 |   153 |    75 ||   313
Ability: Lunge             |       |     3 |     4 ||     7
  Evoke: Wand              |       |       |     2 ||     2
    Use: Scroll            |       |       |     5 ||     5
         Potion            |       |       |     1 ||     1
   Stab: Sleeping          |       |       |     2 ||     2
 Armour: Robe              |    43 |    74 |    52 ||   169
         Skin              |       |     9 |       ||     9
  Dodge: Dodged            |    30 |    64 |    46 ||   140
  Block: Kite shield       |    39 |    52 |    43 ||   134

Table legend: (Time is in decaauts)
 A = Elapsed time spent in this place.
 B = Non-inter-level travel time spent in this place.
 C = Inter-level travel time spent in this place.
 D = Time resting spent in this place.
 E = Time spent auto-exploring this place.
 F = Levels seen in this place.
 G = Mean time per level.
                   A        B        C        D        E       F      G
               +--------+--------+--------+--------+--------+-----+--------+
         Total |   2695 |   2518 |    177 |      4 |   1862 |   6 |  449.2 |
       Dungeon |   2633 |   2516 |    117 |      4 |   1862 |   5 |  526.6 |
        Temple |     61 |      1 |     60 |      0 |      0 |   1 |   61.0 |
               +--------+--------+--------+--------+--------+-----+--------+

Top non-repeatable levels by time:
     D:1: 797 daAuts
     D:4: 690 daAuts
     D:3: 596 daAuts
     D:2: 476 daAuts
     D:5: 72 daAuts
  Temple: 61 daAuts
